 Dungeon Crawl Stone Soup version 0.18-a0-1794-g139b600 (webtiles) character file.

9947 Laan the Severer (level 11, -8/75 HPs)
             Began as a Formicid Fighter on Apr 22, 2016.
             Was an Elder of the Shining One.
             Mangled by an 11-headed hydra (9 damage)
             ... on level 11 of the Dungeon.
             The game lasted 00:32:53 (11845 turns).

Laan the Severer (Formicid Fighter)                Turns: 11845, Time: 00:32:53

Health: -8/75      AC: 12    Str: 24    XL:     11   Next: 83%
Magic:  11/11      EV:  3    Int:  8    God:    the Shining One [****..]
Gold:   262        SH: 15    Dex: 10    Spells: 0 memorised, 10 levels left

rFire  + . .     SeeInvis +     l - +4 battleaxe (freeze)
rCold  . . .     Gourm    +     x - +0 plate armour
rNeg   + + .     Faith    .     a - +1 large shield
rPois  .         Spirit   .     (helmet unavailable)
rElec  .         Dismiss  .     (no cloak)
rCorr  .         Reflect  .     O - +0 pair of gloves
SustAt .         Harm     .     (no boots)
MR     +....                    R - amulet of the gourmand
Stlth  ..........               Q - ring of protection from fire
                                (no ring)

@: glowing, somewhat resistant to hostile enchantments, extremely unstealthy
A: permanent stasis, dig shafts and tunnels, four strong arms, antennae 3
a: Dig, Shaft Self, Divine Shield, Cleansing Flame, Renounce Religion


You were on level 11 of the Dungeon.
You worshipped the Shining One.
The Shining One was greatly pleased with you.
You were very full.

You visited 2 branches of the dungeon, and saw 12 of its levels.

You collected 491 gold pieces.
You spent 229 gold pieces at shops.

Inventory:

Hand Weapons
 l - a +4 battleaxe of freezing (weapon)
Armour
 a - a +1 large shield (worn)
 x - a +0 plate armour (worn)
 O - a +0 pair of gloves (worn)
Jewellery
 c - an uncursed amulet of faith {unknown}
 A - an uncursed amulet of magic regeneration
 Q - a ring of protection from fire (right hand)
 R - an amulet of the gourmand (around neck)
Wands
 y - a wand of flame (23/48)
 L - a wand of disintegration (17/24)
 X - a wand of iceblast (10/15)
 Z - a wand of iceblast (11/15)
Scrolls
 i - 2 scrolls of remove curse
 v - 9 scrolls of identify
 w - a scroll of amnesia
 H - 2 scrolls of enchant weapon
Potions
 b - 3 potions of cancellation {unknown}
 d - a potion of ambrosia {unknown}
 j - 2 potions of cure mutation {unknown}
 k - 2 potions of flight
 m - 3 potions of haste {unknown}
 n - 2 potions of heal wounds {unknown}
 o - 2 potions of magic {unknown}
 r - 3 potions of degeneration {unknown}
 t - a potion of resistance {unknown}
 u - a potion of agility {unknown}
 z - a potion of mutation {unknown}
 K - 2 potions of brilliance {unknown}
 W - a potion of curing
 Y - a potion of berserk rage {unknown}
Comestibles
 f - 11 bread rations
 h - 7 meat rations
 I - a royal jelly
 M - 3 beef jerkies
 N - 9 slices of pizza
 U - 5 fruits


   Skills:
 - Level 3.2 Fighting
 + Level 16.7 Axes
 - Level 3.2 Armour
 - Level 3.6 Shields


You had 10 spell levels left.
You didn't know any spells.

Dungeon Overview and Level Annotations

Branches:
Dungeon (11/15)            Temple (1/1) D:4            Lair (0/8) D:9
    Orc: D:9-12

Altars:
Ashenzari
Cheibriados
Dithmenos
Elyvilon
Fedhas
Gozag
Kikubaaqudgha
Makhleb
Nemelex Xobeh
Okawaru
Pakellas
Qazlal
Ru
Sif Muna
Trog
Vehumet
Xom
Yredelemnul
Zin
The Shining One

Shops:
D:4 =}*   D:9 [

Annotations:
D:4 exclusion: door


Innate Abilities, Weirdness & Mutations

You are under a permanent stasis effect.
You can dig through walls and to a lower floor.
Your four strong arms can wield two-handed weapons with a shield.
You have a pair of large antennae on your head (SInv).


Message History

The ten-headed hydra bites you!
You slice one of the ten-headed hydra's heads off!
The nine-headed hydra grows two more!
You slice the 11-headed hydra!! You freeze the 11-headed hydra.
The 11-headed hydra is almost dead.
The 11-headed hydra bites you.
* * * LOW HITPOINT WARNING * * *
You block the 11-headed hydra's attack. The 11-headed hydra barely misses you.
The 11-headed hydra bites you.
* * * LOW HITPOINT WARNING * * *
The 11-headed hydra bites you.
* * * LOW HITPOINT WARNING * * *
The 11-headed hydra bites you.
* * * LOW HITPOINT WARNING * * *
The 11-headed hydra bites you!
* * * LOW HITPOINT WARNING * * *
The 11-headed hydra bites you!
* * * LOW HITPOINT WARNING * * *
The 11-headed hydra bites you!
You die...

###+#######
#.....D@<.#
#.........#
#.......>.#
+....>....#
#.........#
#....<....#
#.........#
#.........#


You could see a 11-headed hydra.

Vanquished Creatures
  Pikel (D:6)
  2 hill giants (D:10)
  A deep elf mage (D:9)
  A queen bee (D:9)
  3 trolls
  A wyvern (D:8)
  A vampire (D:10)
  8 yaks
  A human (D:7)
  A hippogriff (D:10)
  A hog (D:7)
  Duvessa (D:5)
  3 phantoms
  2 orc warriors
  2 ice beasts
  4 sky beasts
  A black bear (D:6)
  An eye of draining (D:10)
  3 ogres
  6 centaurs
  A big kobold (D:10)
  3 giant frogs
  A gnoll sergeant (D:3)
  A wyvern skeleton (D:8)
  Dowan (D:5)
  3 scorpions
  13 killer bees
  10 wights
  5 howler monkeys
  A centaur zombie (D:7)
  4 crimson imps
  3 hounds
  A jelly (D:9)
  A giant frog skeleton (D:9)
  A gnoll shaman (D:8)
  3 orc priests
  2 centaur skeletons
  2 iguanas
  8 orc wizards
  7 worker ants
  A killer bee zombie (D:9)
  2 sheep (D:7)
  A hound skeleton (D:5)
  2 worker ant zombies
  12 gnolls
  10 adders
  A shadow imp (D:5)
  5 oozes
  3 adder skeletons
  A worm (D:5)
  4 dart slugs
  8 giant geckos
  34 orcs
  9 bats
  12 goblins
  13 hobgoblins
  11 jackals
  4 quokkas
  3 giant gecko skeletons
  3 giant newts
  21 kobolds
  A quokka skeleton (D:8)
  6 rats
  A plant (D:5)
283 creatures vanquished.

Vanquished Creatures (others)
  A centaur (D:6)
  A scorpion (D:6)
  7 plants (D:9)
9 creatures vanquished.

Grand Total: 292 creatures vanquished

Notes
Turn   | Place    | Note
--------------------------------------------------------------
     0 | D:1      | Laan the Formicid Fighter began the quest for the Orb.
     0 | D:1      | Reached XP level 1. HP: 18/18 MP: 1/1
   204 | D:1      | Reached XP level 2. HP: 24/24 MP: 2/2
   460 | D:1      | Reached skill level 3 in Axes
   665 | D:1      | Reached XP level 3. HP: 29/29 MP: 3/3
   921 | D:2      | You fall through a shaft!
   965 | D:3      | Reached skill level 4 in Axes
   965 | D:3      | Reached XP level 4. HP: 28/35 MP: 4/4
  1211 | D:3      | Noticed a gnoll sergeant
  1217 | D:3      | Killed a gnoll sergeant
  1217 | D:3      | Reached skill level 5 in Axes
  1217 | D:3      | Reached XP level 5. HP: 26/41 MP: 5/5
  1767 | D:2      | Reached XP level 6. HP: 47/47 MP: 6/6
  1811 | D:2      | Found a shimmering altar of Xom.
  1814 | D:2      | Noticed an angel
  1817 | D:2      | Found a glowing silver altar of Zin.
  2030 | D:2      | Found a snail-covered altar of Cheibriados.
  2034 | D:2      | Found a basalt altar of Yredelemnul.
  2044 | D:2      | Found an ancient bone altar of Kikubaaqudgha.
  2345 | D:2      | Reached skill level 6 in Axes
  2954 | D:3      | Found a bloodstained altar of Trog.
  3119 | D:4      | Found a deep blue altar of Sif Muna.
  3455 | D:4      | Found a staircase to the Ecumenical Temple.
  3463 | D:4      | Found Ruczeat's Assorted Antiques.
  3463 | D:4      | Noticed an ogre
  3465 | Temple   | Entered the Ecumenical Temple
  3724 | Temple   | Became a worshipper of the Shining One
  3768 | D:4      | Killed an ogre
  3768 | D:4      | Reached skill level 7 in Axes
  3768 | D:4      | Reached XP level 7. HP: 11/52 MP: 7/7
  4352 | D:4      | Found a snail-covered altar of Cheibriados.
  4373 | D:4      | Reached skill level 8 in Axes
  4382 | D:4      | Found Bap Wycellej's Gadget Shoppe.
  4640 | D:4      | Found Ojeiposk's Jewellery Shoppe.
  4813 | D:5      | Entered Level 5 of the Dungeon
  5017 | D:5      | Noticed Dowan
  5018 | D:5      | Noticed Duvessa
  5031 | D:5      | Killed Dowan
  5031 | D:5      | Reached XP level 8. HP: 32/58 MP: 8/8
  5033 | D:5      | Killed Duvessa
  5275 | D:5      | Reached skill level 9 in Axes
  5929 | D:5      | Reached * piety under the Shining One
  5934 | D:5      | Reached skill level 10 in Axes
  6094 | D:6      | Noticed Pikel
  6102 | D:6      | Killed Pikel
  6102 | D:6      | Reached skill level 11 in Axes
  6102 | D:6      | Reached XP level 9. HP: 24/64 MP: 9/9
  6571 | D:6      | Found a glowing silver altar of Zin.
  6703 | D:4      | Bought a brightly glowing war axe for 229 gold pieces
  6703 | D:4      | Identified the cursed +3 war axe "Zihyrph" {drain, Int+5} (You bought it in a shop on level 4 of the Dungeon)
  7297 | D:6      | Reached skill level 12 in Axes
  7705 | D:7      | Found an iron altar of Okawaru.
  7920 | D:7      | Reached XP level 10. HP: 46/70 MP: 10/10
  7929 | D:7      | Reached skill level 13 in Axes
  8201 | D:8      | Reached ** piety under the Shining One
  8340 | D:8      | Found a sparkling altar of Nemelex Xobeh.
  8583 | D:8      | Found an opulent altar of Gozag.
  8902 | D:9      | Found a staircase to the Lair.
  8913 | D:9      | Reached skill level 14 in Axes
  9138 | D:9      | HP: 2/70 [yak (11)]
  9254 | D:9      | Found Tetiddif's Armour Boutique.
  9573 | D:8      | Reached *** piety under the Shining One
  9590 | D:8      | Reached XP level 11. HP: 60/75 MP: 11/11
  9791 | D:8      | Reached skill level 15 in Axes
 10489 | D:9      | Noticed a deep elf mage
 10497 | D:9      | Killed a deep elf mage
 10734 | D:10     | Entered Level 10 of the Dungeon
 10764 | D:10     | Reached skill level 16 in Axes
 10777 | D:10     | Found a white marble altar of Elyvilon.
 10957 | D:10     | Noticed a hill giant
 10961 | D:10     | Killed a hill giant
 11488 | D:10     | Noticed a hill giant
 11488 | D:10     | Reached **** piety under the Shining One
 11493 | D:10     | Killed a hill giant
 11839 | D:11     | Noticed a six-headed hydra
 11845 | D:11     | HP: 1/75 [11-headed hydra (9)]
 11845 | D:11     | Mangled by an 11-headed hydra

Vault maps used:
D:1:      roderic_chinese_lattice_arrival
D:2:      grunt_temple_overflow_order_and_chaos_1,
          minmay_overflow_temple_star_quad
D:3:      bloody_trog
D:4:      led_sif_book, minmay_temple_entry_crystal_x, first_bread,
          serial_shops, shop, shop, nicolae_shop_window_shopping, hex_medium,
          kennysheep_slug_shrine
D:5:      corexii_shantytown, uniq_duvessa
D:6:      basic_altar, uniq_pikel
D:7:      lemuel_ice_spiral_2, nicolae_ossuary_entry_monument, grunt_livestock,
          grunt_decor_mini_mirrors, okawaru_metal_pillars_1_2
D:8:      grunt_gozag_breadcrumbs, nemelex_dance_club_becter
D:9:      lair_0_dummy, serial_shops, shop, nicolae_looking_at_the_future
D:10:     elyvilon_altar_5
D:11:     water_maze_lemuel
Temple:   minmay_temple_forest_path_12

Skill      XL: |  1  2  3  4  5  6  7  8  9 10 11 |
---------------+----------------------------------+-----
Axes           | 3 4 5 7 8 11 12 14 16 | 16.7
Fighting       | |  3.2
Armour         | |  3.2
Shields        | |  3.6

Action                   |  1- 3 |  4- 6 |  7- 9 | 10-12 || total
-------------------------+-------+-------+-------+-------++-------
Melee: War axe           |    70 |   198 |   309 |       ||   577
       Battleaxe         |       |       |    60 |   308 ||   368
  Use: Potion            |       |       |     5 |     3 ||     8
       Scroll            |       |       |     2 |    12 ||    14
  Eat: Chunk             |       |     8 |     9 |    17 ||    34
       Fruit             |       |       |     5 |       ||     5
       Beef jerky        |       |       |     2 |       ||     2
       Pizza             |       |       |     1 |       ||     1
Armor: Scale mail        |    40 |    61 |    10 |       ||   111
       Plate armour      |       |       |   138 |   133 ||   271
       Skin              |       |       |     5 |    15 ||    20
Dodge: Dodged            |    21 |    51 |    56 |    36 ||   164
Block: Shield            |    29 |    98 |   136 |       ||   263
       Large shield      |       |       |    33 |   271 ||   304
